| TOP OF THE 1ST |
|
Oregon State University Beavers batting - Pitching for Arizona State University Sun Devils : RHP Wallace Werner
|
|
Pitching: RHP Wallace Werner
|
|
|
Batting: RHB Martin Darrington
|
0-0: Foul Ball, location: 2F 0-1: Ball 1-1: Fly out, F8 (Flyball, 8RM, EV 88.8 MPH)
|
|
Batting: LHB Abdul-Hakim Jibril
|
0-0: Called Strike 0-1: Called Strike 0-2: Ground out 6-3 (Groundball, 6, EV 97.5 MPH)
|
|
Batting: SHB Sosaia Apelahama
|
0-0: Fly out, F4 (Popup, 4S, EV 70.0 MPH)
|
| Top of the 1st over - 0 runs, 0 hits, 0 errors, 0 left on base; Oregon State University 0 - Arizona State University 0 |
| BOTTOM OF THE 1ST |
|
Arizona State University Sun Devils batting - Pitching for Oregon State University Beavers : RHP Willie Lopez
|
|
Pitching: RHP Willie Lopez
|
|
|
Batting: LHB Eric Russell
|
0-0: Called Strike 0-1: Ground out 6-3 (Groundball, 56, EV 90.0 MPH)
|
|
Batting: RHB Alex Valadez
|
0-0: Called Strike 0-1: Called Strike 0-2: Ball 1-2: Fly out, F9 (Flyball, 9, EV 93.1 MPH)
|
|
Batting: RHB Rusty Gee
|
0-0: Called Strike 0-1: Called Strike 0-2: Foul Ball, location: 2F 0-2: Ball 1-2: Foul Ball, location: 2F 1-2: Ball 2-2: Foul Ball, location: 2F 2-2: Ball 3-2: Foul Ball, location: 2F 3-2: Foul Ball, location: 2F 3-2: Hit by Pitch
|
|
Batting: RHB Alex Ruybalid
|
0-0: Ball Rusty Gee is caught stealing 2nd base 2-4
|
| Bottom of the 1st over - 0 runs, 0 hits, 0 errors, 0 left on base; Oregon State University 0 - Arizona State University 0 |
| TOP OF THE 2ND |
|
Oregon State University Beavers batting - Pitching for Arizona State University Sun Devils : RHP Wallace Werner
|
|
Batting: RHB Willie Lopez
|
0-0: Called Strike 0-1: Ground out 5-3 (Groundball, 5S, EV 88.1 MPH)
|
|
Batting: SHB Hui Li
|
0-0: Ball 1-0: Called Strike 1-1: Swinging Strike 1-2: Ball 2-2: Ball 3-2: Strikes out swinging
|
|
Batting: RHB Harry Torres
|
0-0: Ball 1-0: Ball 2-0: Ball 3-0: Called Strike 3-1: Called Strike 3-2: Strikes out swinging
|
| Top of the 2nd over - 0 runs, 0 hits, 0 errors, 0 left on base; Oregon State University 0 - Arizona State University 0 |
| BOTTOM OF THE 2ND |
|
Arizona State University Sun Devils batting - Pitching for Oregon State University Beavers : RHP Willie Lopez
|
|
Batting: RHB Alex Ruybalid
|
0-0: Foul Ball, location: 2F 0-1: Foul Ball, location: 2F 0-2: Ground out U3 (Groundball, 34S, EV 86.9 MPH)
|
|
Batting: LHB Randy Marquez
|
0-0: Ball 1-0: Swinging Strike 1-1: Ball 2-1: Ground out 4-3 (Groundball, 4, EV 86.9 MPH)
|
|
Batting: RHB Martin Boyle
|
0-0: Ball 1-0: Swinging Strike 1-1: Swinging Strike 1-2: Foul Ball, location: 2F 1-2: Strikes out swinging
|
| Bottom of the 2nd over - 0 runs, 0 hits, 0 errors, 0 left on base; Oregon State University 0 - Arizona State University 0 |
| TOP OF THE 3RD |
|
Oregon State University Beavers batting - Pitching for Arizona State University Sun Devils : RHP Wallace Werner
|
|
Batting: SHB Felipe Campanella
|
0-0: Ball 1-0: Called Strike 1-1: Ball 2-1: Ball 3-1: Foul Ball, location: 2F 3-2: Foul Ball, location: 2F 3-2: Ground out 5-3 (Groundball, 56, EV 86.9 MPH)
|
|
Batting: RHB Esteban Acuna
|
0-0: Ball 1-0: Reached on error, E5 (Groundball, 5, EV 103.8 MPH)
|
|
Batting: RHB Luis Flores
|
0-0: Ball 1-0: Called Strike 1-1: Fly out, F8 (Flyball, 89M, EV 90.0 MPH)
|
|
Batting: RHB Martin Darrington
|
0-0: Ball 1-0: Ball Wild Pitch! Esteban Acuna to second 2-0: Ball 3-0: Base on Balls
|
|
Batting: LHB Abdul-Hakim Jibril
|
0-0: Swinging Strike 0-1: Foul Ball, location: 2F 0-2: Foul Ball, location: 2F 0-2: Strikes out swinging
|
| Top of the 3rd over - 0 runs, 0 hits, 1 error, 2 left on base; Oregon State University 0 - Arizona State University 0 |
| BOTTOM OF THE 3RD |
|
Arizona State University Sun Devils batting - Pitching for Oregon State University Beavers : RHP Willie Lopez
|
|
Batting: RHB Chris DeLuise
|
0-0: Called Strike 0-1: Ground out 3-1 (Groundball, 3D, EV 91.2 MPH)
|
|
Batting: RHB Israel Tobias
|
0-0: Swinging Strike 0-1: Called Strike 0-2: Ball 1-2: Ground out U3 (Groundball, 34, EV 81.9 MPH)
|
|
Batting: SHB Manny Aponte
|
0-0: Called Strike 0-1: Ball 1-1: Ball 2-1: Swinging Strike 2-2: Foul Ball, location: 2F 2-2: DOUBLE (Flyball, 8RD, EV 91.9 MPH)
|
|
Batting: LHB Eric Russell
|
0-0: Foul Ball, location: 2F 0-1: Ball 1-1: Ball 2-1: SINGLE (Flyball, 9S, EV 86.2 MPH) Manny Aponte to third Runner from 3rd tries for Home, SAFE, throw by RF to home
|
|
Batting: RHB Alex Valadez
|
0-0: Ball Eric Russell is caught stealing 2nd base 2-4
|
| Bottom of the 3rd over - 1 run, 2 hits, 0 errors, 0 left on base; Oregon State University 0 - Arizona State University 1 |
| TOP OF THE 4TH |
|
Oregon State University Beavers batting - Pitching for Arizona State University Sun Devils : RHP Wallace Werner
|
|
Batting: SHB Sosaia Apelahama
|
0-0: Foul Ball, location: 2F 0-1: Swinging Strike 0-2: Ball 1-2: Foul Ball, location: 2F 1-2: Foul Ball, location: 2F 1-2: Ball 2-2: Foul Ball, location: 2F 2-2: Strikes out swinging
|
|
Batting: RHB Willie Lopez
|
0-0: Ball 1-0: Fly out, F8 (Flyball, 8LS, EV 91.2 MPH)
|
|
Batting: SHB Hui Li
|
0-0: Called Strike 0-1: Ball 1-1: Called Strike 1-2: Ball 2-2: Ball 3-2: Ground out 6-3 (Groundball, 6MS, EV 64.4 MPH)
|
| Top of the 4th over - 0 runs, 0 hits, 0 errors, 0 left on base; Oregon State University 0 - Arizona State University 1 |
| BOTTOM OF THE 4TH |
|
Arizona State University Sun Devils batting - Pitching for Oregon State University Beavers : RHP Willie Lopez
|
|
Batting: RHB Alex Valadez
|
0-0: Called Strike 0-1: Ball 1-1: Foul Ball, location: 2F 1-2: Foul Ball, location: 2F 1-2: Strikes out swinging
|
|
Batting: RHB Rusty Gee
|
0-0: Ball 1-0: Ball 2-0: Ball 3-0: Base on Balls
|
|
Batting: RHB Alex Ruybalid
|
0-0: Called Strike 0-1: Ball 1-1: Ball 2-1: Ball 3-1: Reached via error on a dropped throw from SS, E3 (Groundball, 6MS, EV 92.5 MPH) Rusty Gee to second
|
|
Batting: LHB Randy Marquez
|
0-0: Grounds into double play, 6-4-3 (Groundball, 6, EV 101.9 MPH)
|
| Bottom of the 4th over - 0 runs, 0 hits, 1 error, 1 left on base; Oregon State University 0 - Arizona State University 1 |
| TOP OF THE 5TH |
|
Oregon State University Beavers batting - Pitching for Arizona State University Sun Devils : RHP Wallace Werner
|
|
Batting: RHB Harry Torres
|
0-0: Ball 1-0: Foul Ball, location: 2F 1-1: Called Strike 1-2: Foul Ball, location: 2F 1-2: Strikes out swinging
|
|
Batting: SHB Felipe Campanella
|
0-0: Called Strike 0-1: Called Strike 0-2: Ground out 4-3 (Groundball, 4, EV 108.1 MPH)
|
|
Batting: RHB Esteban Acuna
|
0-0: Ground out 4-3 (Groundball, 4, EV 85.6 MPH)
|
| Top of the 5th over - 0 runs, 0 hits, 0 errors, 0 left on base; Oregon State University 0 - Arizona State University 1 |
| BOTTOM OF THE 5TH |
|
Arizona State University Sun Devils batting - Pitching for Oregon State University Beavers : RHP Willie Lopez
|
|
Batting: RHB Martin Boyle
|
0-0: Called Strike 0-1: Fly out, F7 (Flyball, 7, EV 90.6 MPH)
|
|
Batting: RHB Chris DeLuise
|
0-0: Swinging Strike 0-1: Foul Ball, location: 2F 0-2: Ball 1-2: Ball 2-2: Ball 3-2: Foul Ball, location: 2F 3-2: Ground out 1-3 (Groundball, 34S, EV 71.9 MPH)
|
|
Batting: RHB Israel Tobias
|
0-0: Foul Ball, location: 2F 0-1: DOUBLE (Flyball, 8RD, EV 92.5 MPH)
|
|
Batting: SHB Manny Aponte
|
0-0: Ball 1-0: Ball 2-0: Called Strike 2-1: Swinging Strike 2-2: Ball 3-2: Ground out 5-3 (Groundball, 5, EV 80.0 MPH)
|
| Bottom of the 5th over - 0 runs, 1 hit, 0 errors, 1 left on base; Oregon State University 0 - Arizona State University 1 |
| TOP OF THE 6TH |
|
Oregon State University Beavers batting - Pitching for Arizona State University Sun Devils : RHP Wallace Werner
|
|
Batting: RHB Luis Flores
|
0-0: Foul Ball, location: 2F 0-1: Foul Ball, location: 2F 0-2: Fly out, F9 (Flyball, 89S, EV 86.9 MPH)
|
|
Pitching: LHP Joe Morgan
|
|
|
Batting: RHB Martin Darrington
|
0-0: Called Strike 0-1: Swinging Strike 0-2: Foul Ball, location: 2F 0-2: Ball 1-2: Strikes out swinging
|
|
Pinch Hitting: RHB Marco Favela
|
0-0: DOUBLE (Flyball, 78XD, EV 104.4 MPH)
|
|
Batting: SHB Sosaia Apelahama
|
0-0: Intentional Walk
|
|
Batting: RHB Willie Lopez
|
0-0: Swinging Strike 0-1: Foul Ball, location: 2F 0-2: Ball 1-2: Foul Ball, location: 2F 1-2: Ball 2-2: Strikes out swinging
|
| Top of the 6th over - 0 runs, 1 hit, 0 errors, 2 left on base; Oregon State University 0 - Arizona State University 1 |
| BOTTOM OF THE 6TH |
|
Arizona State University Sun Devils batting - Pitching for Oregon State University Beavers : RHP Willie Lopez
|
|
Pitching: LHP Yin-reng Deng
|
|
|
Now in RF: Marco Favela
|
|
|
Batting: LHB Eric Russell
|
0-0: SINGLE (Line Drive, 6M, EV 99.4 MPH)
|
|
Batting: RHB Alex Valadez
|
0-0: Foul Ball, location: 2F 0-1: Ball 1-1: Foul Ball, location: 2F 1-2: Fielders Choice at 2nd, 4-6 (Groundball, 4, EV 88.8 MPH)
|
|
Batting: RHB Rusty Gee
|
0-0: Called Strike Alex Valadez steals 2nd base 0-1: Ball 1-1: Intentional Walk
|
|
Batting: RHB Alex Ruybalid
|
0-0: Ball 1-0: DOUBLE (Flyball, 8RD, EV 106.9 MPH) Alex Valadez scores Rusty Gee to third
|
|
Batting: LHB Randy Marquez
|
0-0: Fly out, F8 (Flyball, 8RM, EV 87.5 MPH) Runner from 3rd tags up, SCORES, throw by CF
|
|
Now in CF: Brock Darby
|
|
|
Batting: RHB Martin Boyle
|
0-0: Ball 1-0: Ball 2-0: Ball 3-0: Called Strike 3-1: Base on Balls
|
|
Batting: RHB Chris DeLuise
|
0-0: Called Strike 0-1: Fly out, F7 (Flyball, 7, EV 85.0 MPH)
|
| Bottom of the 6th over - 2 runs, 2 hits, 0 errors, 2 left on base; Oregon State University 0 - Arizona State University 3 |
| TOP OF THE 7TH |
|
Oregon State University Beavers batting - Pitching for Arizona State University Sun Devils : LHP Joe Morgan
|
|
Batting: LHB Brock Darby
|
0-0: Foul Ball, location: 2F 0-1: Ball 1-1: Swinging Strike 1-2: Ground out U3 (Groundball, 23, EV 83.1 MPH)
|
|
Batting: RHB Harry Torres
|
0-0: Ball 1-0: TRIPLE (Flyball, 9LD, EV 105.6 MPH)
|
|
Batting: SHB Felipe Campanella
|
0-0: Ball 1-0: Ball 2-0: Ball 3-0: Called Strike 3-1: Foul Ball, location: 2F 3-2: Fly out, F4 (Popup, 34, EV 81.9 MPH)
|
|
Batting: RHB Esteban Acuna
|
0-0: Foul Ball, location: 2F 0-1: Ball 1-1: Ball 2-1: Ball 3-1: Called Strike 3-2: Fly out, F9 (Flyball, 9, EV 75.6 MPH)
|
| Top of the 7th over - 0 runs, 1 hit, 0 errors, 1 left on base; Oregon State University 0 - Arizona State University 3 |
| BOTTOM OF THE 7TH |
|
Arizona State University Sun Devils batting - Pitching for Oregon State University Beavers : LHP Yin-reng Deng
|
|
Batting: RHB Israel Tobias
|
0-0: Ball 1-0: Foul Ball, location: 2F 1-1: Ball 2-1: Foul Ball, location: 2F 2-2: Ball 3-2: Base on Balls
|
|
Batting: SHB Manny Aponte
|
0-0: Ball 1-0: Fielders Choice at 2nd, 3-6 (Groundball, 34S, EV 90.0 MPH)
|
|
Batting: LHB Eric Russell
|
0-0: Called Strike 0-1: Fly out, F7 (Flyball, 78M, EV 89.4 MPH)
|
|
Batting: RHB Alex Valadez
|
0-0: Ball 1-0: Ball 2-0: Called Strike 2-1: Ball 3-1: Foul Ball, location: 2F 3-2: Fly out, F8 (Flyball, 8LD, EV 100.6 MPH)
|
| Bottom of the 7th over - 0 runs, 0 hits, 0 errors, 1 left on base; Oregon State University 0 - Arizona State University 3 |
| TOP OF THE 8TH |
|
Oregon State University Beavers batting - Pitching for Arizona State University Sun Devils : LHP Joe Morgan
|
|
Batting: RHB Luis Flores
|
0-0: Ball 1-0: Foul Ball, location: 2F 1-1: Ball 2-1: Fly out, F7 (Flyball, 7S, EV 84.4 MPH)
|
|
Batting: RHB Martin Darrington
|
0-0: Ball 1-0: Ground out 5-3 (Groundball, 5, EV 81.9 MPH)
|
|
Batting: RHB Marco Favela
|
0-0: Called Strike 0-1: Swinging Strike 0-2: Ball 1-2: Foul Ball, location: 2F 1-2: Ball 2-2: Ball 3-2: Strikes out swinging
|
| Top of the 8th over - 0 runs, 0 hits, 0 errors, 0 left on base; Oregon State University 0 - Arizona State University 3 |
| BOTTOM OF THE 8TH |
|
Arizona State University Sun Devils batting - Pitching for Oregon State University Beavers : LHP Yin-reng Deng
|
|
Pitching: LHP Roberto Vazquez
|
|
|
Batting: RHB Rusty Gee
|
0-0: Ball 1-0: Ball 2-0: Called Strike 2-1: Ball 3-1: Base on Balls
|
|
Batting: RHB Alex Ruybalid
|
0-0: Ball 1-0: Ball 2-0: Foul Ball, location: 2F 2-1: Foul Ball, location: 2F 2-2: Foul Ball, location: 2F 2-2: Foul Ball, location: 2F 2-2: Strikes out swinging
|
|
Batting: LHB Randy Marquez
|
0-0: Called Strike 0-1: Ball Rusty Gee steals 2nd base 1-1: Foul Ball, location: 2F 1-2: Ball 2-2: Ball 3-2: Foul Ball, location: 2F 3-2: Foul Ball, location: 2F 3-2: Foul Ball, location: 2F 3-2: Strikes out swinging
|
|
Batting: RHB Martin Boyle
|
0-0: SINGLE (Flyball, 78S, EV 94.4 MPH) Rusty Gee to third Runner from 3rd tries for Home, SAFE, throw by LF to home
|
|
Batting: RHB Chris DeLuise
|
0-0: Ball 1-0: Called Strike 1-1: Ball 2-1: Foul Ball, location: 2F 2-2: Foul Ball, location: 2F 2-2: Ball 3-2: Fly out, F7 (Line Drive, 7S, EV 89.4 MPH)
|
| Bottom of the 8th over - 1 run, 1 hit, 0 errors, 1 left on base; Oregon State University 0 - Arizona State University 4 |
| TOP OF THE 9TH |
|
Oregon State University Beavers batting - Pitching for Arizona State University Sun Devils : LHP Joe Morgan
|
|
Pitching: RHP Salvador Rodriquez
|
|
|
Pinch Hitting: LHB Fred Bal
|
0-0: Ball 1-0: Ball 2-0: Foul Ball, location: 2F 2-1: Ground out U3 (Groundball, 34, EV 110.0 MPH)
|
|
Batting: LHB Jason Trevarrow
|
0-0: Ball 1-0: Ball 2-0: Ball 3-0: Called Strike 3-1: Base on Balls
|
|
Batting: LHB Brock Darby
|
0-0: Ball 1-0: Ball 2-0: Called Strike 2-1: Ball 3-1: 2-RUN HOME RUN (Flyball, 78XD, EV 98.8 MPH), Distance : 373 ft
|
|
Pitching: RHP Jeremy Kaylor
|
|
|
Now at 2B: Kawenaula Kapali
|
|
|
Now at 3B: Chris DeLuise
|
|
|
Now at SS: Carl Evans
|
|
|
Now in CF: Timon Giorgiou
|
|
|
Pinch Hitting: LHB Jon Hamilton
|
0-0: Called Strike 0-1: SINGLE (Groundball, 4MD, EV 96.2 MPH)
|
|
Pinch Hitting: RHB Freddie Macleod
|
0-0: Ball Wild Pitch! Jon Hamilton to second 1-0: Ball 2-0: Swinging Strike 2-1: Ball 3-1: Foul Ball, location: 2F 3-2: Strikes out swinging
|
|
Pinch Hitting: RHB Rafael Ventura
|
0-0: Ground out 3-1 (Groundball, 34, EV 87.5 MPH)
|
| Top of the 9th over - 2 runs, 2 hits, 0 errors, 1 left on base; Oregon State University 2 - Arizona State University 4 |
|